 Dungeon Crawl Stone Soup version 0.26-a0-831-g7192265339 (console) character file.

Game seed: 17066898843614606071

92698 jejorda2 the Severer (level 15, -2/135 HPs)
             Began as a Palentonga Berserker on Nov 15, 2020.
             Was a High Priest of Trog.
             Shot with a bolt by an orc warrior (9 damage)
             ... on level 2 of the Orcish Mines.
             The game lasted 01:12:16 (23468 turns).

jejorda2 the Severer (Palentonga Berserker)        Turns: 23468, Time: 01:12:18

Health: -2/135     AC: 28    Str: 25    XL:     15   Next: 58%
Magic:  0/15       EV: 11    Int:  8    God:    Trog [*****.]
Gold:   2816       SH:  0    Dex: 11    Spells: 14/14 levels left

rFire    + . .     SeeInvis +   a - +8 mithril axe "Arga" {speed, MR+}
rCold    . . .     Faith    .   (no shield)
rNeg     . . .     Spirit   +   G - +4 plate armour {rF+}
rPois    +         Reflect  .   (no helmet)
rElec    .         Harm     .   n - +2 cloak
rCorr    .         Rampage  .   g - +2 pair of gloves
MR       ++++.                  (no barding)
Stlth    ..........             h - amulet of guardian spirit
HPRegen  1.32/turn              l - +4 ring of evasion
MPRegen  0.14/turn              F - ring of poison resistance

@: lethally poisoned (-2 -> -3), berserk cooldown, regenerating, slowed, curled
up, very slow
A: large, rugged brown scales 3, see invisible, deformed body, roll 1, armoured
tail, reflexive curl
a: Rolling Charge, Berserk, Trog's Hand, Brothers in Arms, Renounce Religion


You were on level 2 of the Orcish Mines.
You worshipped Trog.
Trog was extremely pleased with you.
You visited 3 branches of the dungeon, and saw 18 of its levels.
You also visited: Ice Cave and Volcano.

You collected 2816 gold pieces.

Inventory:

Hand Weapons
 a - the +8 mithril axe "Arga" (weapon) {speed, MR+}
   (You found it on level 1 of the Lair of Beasts)

   Attacks with this weapon are significantly faster.
   It affects your resistance to hostile enchantments.
 b - the +11 morningstar of Curenwyaly {freeze, +Rage +Fly MP-9 Stlth+}
   (You found it on level 2 of the Lair of Beasts)

   It has been specially enchanted to freeze those struck by it, causing extra
   injury to most foes and up to half again as much damage against particularly
   susceptible opponents.
   It can also slow down cold-blooded creatures.
   It affects your magic capacity (-9).
   It lets you fly.
   It lets you go berserk.
   It makes you more stealthy.
 C - a +4 executioner's axe
 M - a +4 antimagic executioner's axe
 P - the +11 hand axe of Miamasim {vorpal, *Corrode rElec rN+ Dex+2}
   (Trog gifted it to you on level 1 of the Orcish Mines)

   It inflicts extra damage upon your enemies.
   It affects your dexterity (+2).
   It insulates you from electricity.
   It protects you from negative energy.
   It may corrode you when you take damage.
Missiles
 i - 59 poisoned darts (quivered)
 o - 7 javelins
 x - 2 throwing nets
 y - 9 curare-tipped darts
Armour
 g - a +2 pair of gloves (worn)
 n - a +2 cloak (worn)
 G - a +4 plate armour of fire resistance (worn)
Jewellery
 h - an amulet of guardian spirit (around neck)
 l - a +4 ring of evasion (left hand)
 F - a ring of poison resistance (right hand)
 H - an uncursed ring of positive energy
 J - an uncursed ring of flight
Wands
 p - a wand of disintegration (24)
 u - a wand of acid (19)
 A - a wand of paralysis (6)
 I - a wand of flame (39)
 L - a wand of random effects (21)
Scrolls
 d - 5 scrolls of enchant weapon
 j - 4 scrolls of fear
 k - 3 scrolls of blinking
 m - 10 scrolls of teleportation
 q - 5 scrolls of fog
 s - 5 scrolls of identify
 D - a scroll of brand weapon {unknown}
 K - 6 scrolls of remove curse
 N - a scroll of enchant armour
Potions
 c - 4 potions of might
 e - 3 potions of lignification
 f - 3 potions of flight
 r - a potion of invisibility
 t - 7 potions of curing
 v - 5 potions of heal wounds
 w - 4 potions of mutation
 z - 4 potions of haste
 B - 2 potions of cancellation
 E - 4 potions of attraction
 O - a potion of resistance


   Skills:
 + Level 10.3 Fighting
 + Level 20.2 Axes
 - Level 7.0 Armour
 - Level 7.0 Dodging
 + Level 6.7 Evocations


You had 14 spell levels left.
You didn't know any spells.
Your spell library was empty.

Dungeon Overview and Level Annotations

Branches:
Dungeon (10/15)            Temple (0/1) D:4            Lair (6/6) D:9
 Shoals (0/4) Lair:2        Snake (0/4) Lair:4        Slime (0/5) Lair:6
    Orc (2/2) D:10            Elf (0/3) Orc:2         IceCv (visited)
Volcano (visited)

Altars:
Cheibriados
Fedhas
Hepliaklqana
Nemelex Xobeh
Okawaru
Qazlal
Sif Muna
Trog
Vehumet
Wu Jian
The Shining One

Annotations:
D:2 scrolls past rock
D:5 exclusion: oklob plant
D:6 exclusion: statue
Lair:3 1 runed translucent door, Sizxitze's ghost, journeyman MfMo


Innate Abilities, Weirdness & Mutations

You are completely covered in rugged brown scales. (AC +3, +7% HP)
You have supernaturally acute eyesight. (SInv)
Armour fits poorly on your strangely shaped body.
You can roll at nearby foes to attack.
You have a long armoured tail.
You curl defensively after being hit.


Message History

An orc comes into view. It is wielding a +0 trident.
An orc warrior comes into view. It is wielding a +0 battleaxe.
You slice the orc!!
You kill the orc!
Trog accepts your kill.
You feel sick.
The orc warrior unwields a +0 battleaxe.
The orc warrior wields a +0 arbalest.
The orc warrior shoots a bolt.
The bolt hits you but does no damage.
You feel sick.
The orc warrior shoots a bolt.
The bolt barely misses you.
You see here a bolt.
Your deep troll goes berserk!
You feel sick.
The orc warrior shoots a bolt.
The bolt hits you!!
* * * LOW HITPOINT WARNING * * *
The orc warrior hits you but does no damage.
Unknown command.
Your skin crawls.
You feel resistant to hostile enchantments.
You feel sick.
The orc warrior shoots a bolt.
The bolt hits you!
You die...

##≈≈≈≈.....#..#
......oo.....#
oooo.........#
##≈≈≈≈.....#..#
###≈≈≈≈.....o#..# #
##≈≈≈≈.o.........# #
#≈≈≈..(.......#o.# #
#≈≈.(((......##(T#
###..(##(.##..##@..#
.oo.)....((...o(..##
..o.(..((.......(##
..((..(.##########
)[[.((.#.##
.[..((....#
.)[)#....##
.)(#...### .(.#..##


You could see 2 orc warriors and a friendly deep troll (summoned, berserk).

Vanquished Creatures
  Donald (Orc:2)
  A stone giant (Orc:2)
  Nessos (Lair:5)
  7 hydras
  A boulder beetle (Lair:2)
  A centaur warrior (Orc:2)
  Erica (D:10)
  4 two-headed ogres
  A hell hog (Volcano)
  An orc high priest (Orc:1)
  Sonja (Lair:3)
  A fire crab (Volcano)
  3 orc knights (Orc:2)
  A necromancer (IceCv)
  An orc sorcerer (Orc:1)
  8 elephants
  3 black mambas
  A molten gargoyle (Volcano)
  28 cane toads
  5 ice statues (IceCv)
  A torpor snail (Lair:2)
  4 rime drakes
  12 komodo dragons
  5 ice devils (IceCv)
  2 trolls (Orc:2)
  4 polar bears
  4 tyrant leeches (Lair:6)
  A hornet (D:9)
  31 blink frogs
  2 slime creatures
  13 dream sheep
  8 spriggans
  Sigmund (D:5)
  A human (D:9)
  2 hogs (D:9)
  19 yaks
  12 wyverns
  3 basilisks
  12 fire bats (Volcano)
  A steam dragon (Volcano)
  6 vampire mosquitoes (Lair:6)
  Edmund (D:5)
  3 wargs
  3 nagas (Lair:4)
  4 hell hounds
  12 water moccasins
  4 sky beasts
  10 black bears
  An eye of draining (D:10)
  6 ice beasts
  22 orc warriors
  A phantom (D:7)
  17 centaurs
  6 ogres
  16 wolves
  A big kobold (D:9)
  28 bullfrogs
  Blork the orc (D:5)
  A wyvern zombie (D:7)
  3 scorpions
  8 killer bees (D:9)
  An electric eel (Lair:6)
  5 howler monkeys
  7 lava snakes (Volcano)
  A quasit (D:10)
  6 hounds
  9 orc priests
  A centaur skeleton (D:7)
  5 jellies
  12 orc wizards
  2 draconian simulacra (IceCv)
  2 bullfrog skeletons
  A gnoll shaman (D:5)
  Crazy Yiuf (D:3)
  12 worker ants
  2 iguanas
  2 troll simulacra (IceCv)
  A spriggan simulacrum (IceCv)
  2 centaur simulacra (IceCv)
  2 hound zombies
  A worker ant zombie (D:7)
  6 gnolls
  2 naga simulacra (IceCv)
  12 adders
  An ogre simulacrum (IceCv)
  4 shadow imps
  A white imp (D:8)
  4 ufetubi
  An adder skeleton (D:6)
  3 dart slugs (D:1)
  4 leopard geckos
  55 orcs
  A ball python (D:5)
  9 bats
  6 giant cockroaches
  6 hobgoblins
  14 jackals
  4 frilled lizards
  6 goblins
  12 kobolds
  A quokka skeleton (D:4)
  7 rats
597 creatures vanquished.

Vanquished Creatures (collateral kills)
  The ghost of Sun the Grappler, a novice DrTm (D:7)
  An orc sorcerer (Orc:1)
  A polar bear (Lair:5)
  3 orc warriors
  3 ice beasts (Lair:3)
  An ogre (Orc:1)
  An orc priest (Orc:2)
  An orc wizard (Orc:1)
  3 orcs
15 creatures vanquished.

Vanquished Creatures (others)
  A fire bat (Volcano)
  36 fungi
  118 plants
155 creatures vanquished.

Grand Total: 767 creatures vanquished

Notes
Turn   | Place    | Note
-------+----------+-------------------------------------------
     0 | D:1      | jejorda2 the Palentonga Berserker began the quest for the
                  | Orb.
     0 | D:1      | Reached XP level 1. HP: 20/20 MP: 1/1
    32 | D:1      | Reached XP level 2. HP: 24/27 MP: 2/2
   532 | D:1      | Reached XP level 3. HP: 25/33 MP: 3/3
   532 | D:1      | Reached ** piety under Trog
   822 | D:2      | Reached skill level 4 in Axes
   998 | D:2      | Reached XP level 4. HP: 39/42 MP: 4/4
  1376 | D:2      | Found a sparkling altar of Nemelex Xobeh.
  1884 | D:3      | Found a stormy altar of Qazlal.
  1909 | D:3      | Found a glowing golden altar of the Shining One.
  1913 | D:3      | Found a shimmering blue altar of Sif Muna.
  1915 | D:3      | Found a snail-covered altar of Cheibriados.
  1916 | D:3      | Found an iron altar of Okawaru.
  2055 | D:3      | Found a runed translucent door.
  2056 | D:3      | Noticed Crazy Yiuf
  2066 | D:3      | Killed Crazy Yiuf
  2207 | D:4      | Reached skill level 5 in Axes
  2207 | D:4      | Reached XP level 5. HP: 49/49 MP: 5/5
  2207 | D:4      | Found a staircase to the Ecumenical Temple.
  2426 | D:4      | Noticed an ogre
  2434 | D:4      | Killed an ogre
  2435 | D:4      | Reached skill level 6 in Axes
  2435 | D:4      | Reached XP level 6. HP: 56/56 MP: 6/6
  2795 | D:4      | Noticed a two-headed ogre
  2803 | D:4      | Killed a two-headed ogre
  2804 | D:4      | Reached skill level 5 in Fighting
  2804 | D:4      | Reached skill level 9 in Axes
  2804 | D:4      | Gained mutation: You curl defensively after being hit.
                  | [Palentonga growth]
  2804 | D:4      | Reached XP level 7. HP: 45/65 MP: 7/7
  2804 | D:4      | Reached XP level 8. HP: 50/72 MP: 8/8
  3382 | D:5      | Entered Level 5 of the Dungeon
  3387 | D:5      | Noticed Sigmund
  3392 | D:5      | Killed Sigmund
  3438 | D:5      | Noticed Blork the orc
  3445 | D:5      | Killed Blork the orc
  3446 | D:5      | Reached skill level 10 in Axes
  3446 | D:5      | Reached *** piety under Trog
  3602 | D:5      | Reached skill level 11 in Axes
  4059 | D:5      | Reached XP level 9. HP: 79/79 MP: 9/9
  4096 | D:5      | Noticed Edmund
  4125 | D:5      | Killed Edmund
  4181 | D:5      | Found a hazy altar of Hepliaklqana.
  4496 | D:5      | Found a blossoming altar of Fedhas.
  4510 | D:5      | Noticed an oklob plant
  4603 | D:5      | Found a bloodstained altar of Trog.
  4941 | D:6      | Reached skill level 12 in Axes
  5074 | D:6      | Found an ornate altar of the Wu Jian Council.
  5212 | D:6      | Found a radiant altar of Vehumet.
  5413 | D:6      | Upgraded the game from 0.26-a0-818-g75db068ed4 to
                  | 0.26-a0-831-g7192265339
  5567 | D:7      | Reached **** piety under Trog
  5615 | D:7      | Reached skill level 13 in Axes
  5759 | D:7      | Found a runed translucent door.
  5759 | D:7      | Noticed Sun's ghost (novice DrTm)
  6138 | D:6      | Reached XP level 10. HP: 41/86 MP: 6/10
  6458 | D:7      | You fall into a shaft and drop 1 floor!
  6714 | D:7      | Killed Sun's ghost
  7198 | D:8      | Noticed a two-headed ogre
  7200 | D:8      | Reached skill level 14 in Axes
  7206 | D:8      | Killed a two-headed ogre
  7794 | D:9      | Found a staircase to the Lair.
  7996 | D:9      | Reached ***** piety under Trog
  8354 | D:9      | Reached XP level 11. HP: 92/100 MP: 9/11
  8358 | D:9      | Reached skill level 5 in Armour
  8964 | D:10     | Entered Level 10 of the Dungeon
  9415 | D:10     | Noticed a two-headed ogre
  9419 | D:10     | Killed a two-headed ogre
  9625 | D:10     | Noticed Erica
  9629 | D:10     | Killed Erica
  9721 | D:10     | Found a staircase to the Orcish Mines.
 10174 | Lair:1   | Entered Level 1 of the Lair of Beasts
 10175 | Lair:1   | You fall into a shaft and drop 1 floor!
 10182 | Lair:1   | Found the +8 mithril axe "Arga" {speed, MR+}
 10493 | Lair:1   | Received a gift from Trog
 10542 | Lair:1   | Reached skill level 1 in Evocations
 11606 | Lair:2   | Noticed a boulder beetle
 11625 | Lair:2   | Killed a boulder beetle
 12036 | Lair:2   | Reached XP level 12. HP: 85/108 MP: 10/12
 12040 | Lair:2   | Reached skill level 15 in Axes
 12336 | Lair:2   | Found a staircase to the Shoals.
 12725 | Lair:2   | Got a bloodstained morningstar
 12726 | Lair:2   | Identified the +11 morningstar of Curenwyaly {freeze, +Rage
                  | +Fly MP-9 Stlth+} (You found it on level 2 of the Lair of
                  | Beasts)
 12925 | Lair:2   | Reached skill level 5 in Dodging
 13234 | Lair:3   | Noticed Sonja
 13319 | Lair:3   | Killed Sonja
 13358 | Lair:3   | Reached skill level 16 in Axes
 13418 | Lair:3   | Found a runed translucent door.
 13420 | Lair:3   | Noticed Sizxitze's ghost (journeyman MfMo)
 13450 | Lair:3   | Found a frozen archway.
 13685 | IceCv    | Entered an ice cave
 14318 | IceCv    | Got a masterwork fustibalus
 14887 | Lair:3   | Identified the +6 trident "Xuweodde" {freeze, Stlth+}
 15172 | Lair:3   | Noticed a four-headed hydra
 15182 | Lair:3   | Killed a four-headed hydra
 15183 | Lair:3   | Reached XP level 13. HP: 96/114 MP: 4/13
 15870 | Lair:4   | Found a staircase to the Snake Pit.
 15904 | Lair:4   | Found a dark tunnel.
 16084 | Volcano  | Entered a volcano
 16158 | Volcano  | Reached skill level 17 in Axes
 16368 | Volcano  | Found a burning altar of Makhleb.
 16939 | Lair:4   | Reached skill level 18 in Axes
 16939 | Lair:4   | Reached XP level 14. HP: 123/123 MP: 14/14
 18034 | Lair:5   | Reached skill level 19 in Axes
 18285 | Lair:5   | Noticed Nessos
 18292 | Lair:5   | Killed Nessos
 19005 | Lair:6   | Entered Level 6 of the Lair of Beasts
 19005 | Lair:6   | Found a staircase to the Slime Pits.
 20071 | Lair:6   | Reached skill level 20 in Axes
 20100 | Lair:6   | Reached ****** piety under Trog
 20111 | Lair:6   | Reached XP level 15. HP: 100/129 MP: 15/15
 20724 | Lair:6   | Received a gift from Trog
 20728 | Lair:6   | Reached skill level 5 in Evocations
 21880 | Orc:1    | Entered Level 1 of the Orcish Mines
 22094 | Orc:1    | Received a gift from Trog
 22095 | Orc:1    | Got a brightly glowing hand axe {god gift}
 22352 | Orc:1    | Identified the +11 hand axe of Miamasim {vorpal, *Corrode
                  | rElec rN+ Dex+2} (Trog gifted it to you on level 1 of the
                  | Orcish Mines)
 22355 | Orc:2    | Entered Level 2 of the Orcish Mines
 22393 | Orc:2    | Found a staircase to the Elven Halls.
 22553 | Orc:2    | Noticed Donald
 22568 | Orc:2    | Killed Donald
 22569 | Orc:2    | Reached skill level 10 in Fighting
 23467 | Orc:2    | HP: 6/135 [orc warrior/bolt (16)]
 23468 | Orc:2    | Shot with a bolt by an orc warrior

Illustrated notes

Levels and vault maps discovered:
D:1:      dpeg_arrival_radiant, layout_rooms, minivault_5
D:2:      layout_basic, lemuel_round_altar, due_unseen_surprise
D:3:      layout_rooms, grunt_temple_overflow_open, uniq_crazy_yiuf_cottage
D:4:      layout_loops_ring, minmay_temple_entry_grid, dk_rats_in_the_wall
D:5:      layout_cave_pools, tgw_fedhas, lemuel_doored_altar,
          chequers_arboretum, trog_book, uniq_edmund, uniq_blork_the_orc,
          uniq_sigmund
D:6:      layout_loops_ring, kennysheep_mini, vehumet_statue
D:7:      layout_loops_ring, hellmonk_ghost_happy_afterlife
D:8:      layout_loops_ring
D:9:      layout_loops_cross, minmay_lair_entry_grove, st_stairs_12,
          grunt_livestock, eino_jars
D:10:     layout_layer_cave, orc_0_dummy, uniq_erica
Lair:1:   layout_roguey, lemuel_fruit_fields, lemuel_fruit_fields
Lair:2:   kb_forest_paths, layout_chaotic_city, minmay_shoals_entry_centaurs,
          minivault_27, hangedman_lair_generics_rect
Lair:3:   layout_hall_layers, serial_rivers, chequers_serial_rivers_large_b,
          chequers_serial_rivers_micro_b, chequers_serial_rivers_large_a,
          chequers_serial_rivers_small_3, portal_ice_cave_entry_ice_beasts,
          ebering_ghost_funeral_grove, infiniplex_staircase_pool_2, uniq_sonja
Lair:4:   layout_regular_city, minmay_snake_entry_guardpost_small,
          enter_volcano_3, grunt_forest_stairs_clearing
Lair:5:   layout_regular_city, uniq_nessos
Lair:6:   minmay_lair_end_frog_pond, layout_cave_pods,
          minmay_slime_entry_pillars
Orc:1:    layout_caves, mines1_david
Orc:2:    st_orc_rangers, layout_diamond_mine, uniq_donald

Skill      XL: |  1  2  3  4  5  6  7  8  9 10 11 12 13 14 15 |
---------------+----------------------------------------------+-----
Axes           | 4 5 6 9 11 13 14 16 18 20 | 20.2
Fighting       | 4 5 8 10 | 10.3
Armour         | 4 7 |  7.0
Dodging        | 4 6 7 |  7.0
Evocations     | 3 6 |  6.7

Action                   |  1- 3 |  4- 6 |  7- 9 | 10-12 | 13-15 || total
-------------------------+-------+-------+-------+-------+-------++-------
Melee: Hand axe          |   102 |    46 |       |       |       ||   148
       Tailslap          |    11 |    15 |    38 |   107 |    90 ||   261
       War axe           |       |    76 |   254 |   270 |       ||   600
       Broad axe         |       |       |       |   328 |   679 ||  1007
       Morningstar       |       |       |       |     4 |    19 ||    23
Throw: Javelin           |       |     5 |       |       |       ||     5
       Dart              |       |       |       |       |     5 ||     5
Invok: Berserk           |     1 |     3 |     1 |     8 |     5 ||    18
       Trog's Hand       |     1 |       |     1 |     2 |     1 ||     5
       Brothers in Arms  |       |       |       |     3 |     4 ||     7
 Abil: Rolling Charge    |    29 |    27 |    40 |    56 |    71 ||   223
  Use: Scroll            |       |       |    20 |     4 |    11 ||    35
       Potion            |       |       |       |     3 |     2 ||     5
 Stab: Distracted        |       |       |       |     1 |       ||     1
Armor: Animal skin       |    22 |       |       |       |       ||    22
       Leather armour    |    13 |     4 |       |       |       ||    17
       Scale mail        |       |     4 |       |       |       ||     4
       Chain mail        |       |    29 |   106 |   191 |    36 ||   362
       Plate armour      |       |       |       |       |   278 ||   278
Dodge: Dodged            |    44 |    69 |    93 |   239 |   323 ||   768

Table legend: (Time is in decaauts)
 A = Elapsed time spent in this place.
 B = Non-inter-level travel time spent in this place.
 C = Inter-level travel time spent in this place.
 D = Time resting spent in this place.
 E = Time spent auto-exploring this place.
 F = Levels seen in this place.
 G = Mean time per level.
                   A        B        C        D        E       F      G
               +--------+--------+--------+--------+--------+-----+--------+
         Total |  23286 |  22263 |   1023 |   2787 |  15863 |  20 | 1164.3 |
       Dungeon |  10320 |   9841 |    479 |    316 |   8026 |  10 | 1032.0 |
          Lair |   9637 |   9145 |    492 |    970 |   6893 |   6 | 1606.2 |
  Orcish Mines |   1477 |   1426 |     51 |    357 |    744 |   2 |  738.5 |
      Ice Cave |   1032 |   1032 |      0 |    612 |    165 |   1 | 1032.0 |
       Volcano |    819 |    819 |      0 |    530 |     34 |   1 |  819.0 |
               +--------+--------+--------+--------+--------+-----+--------+

Top non-repeatable levels by time:
  Lair:5: 1965 daAuts
  Lair:2: 1939 daAuts
  Lair:3: 1760 daAuts
  Lair:6: 1703 daAuts
     D:9: 1517 daAuts
     D:4: 1496 daAuts
    D:10: 1275 daAuts
  Lair:1: 1139 daAuts
  Lair:4: 1130 daAuts
     D:7: 1106 daAuts
     D:5: 1083 daAuts
   IceCv: 1032 daAuts
     D:1: 926 daAuts
   Orc:2: 889 daAuts
     D:6: 880 daAuts
